Arrhythmia, chaotic female vampiric Convict -------- ----------- |......| |.........| |......| |.........| |.......## #+ |.........| |......| 0 --------------- # |.<.......| |.......######%##.*....{.......| # |.........| ----%--- # |.............| # |..........########d@k###### ##.>............-# # --.-------- ### ---------------# # # # # ### # ## # # # ---------.- # # ## |....)....| # # --[-- #....%>....| #------------% |.).| ###|.........| #...........|# |...| # |.........| |..........%# |....%####### ----------- |..........| ----- ------------ Arrhythmia the Jail-bird Experience level: 7 Strength: 13 Dexterity: 11 Constitution: 20 Intelligence: 14 Wisdom: 11 Charisma: 9 Health: 0(67) Energy: 49(49) AC: 1 Gold: 1115 Moves: 3709 Your Inventory: Coins $ - 1115 gold pieces Amulets l - an [uncursed] lunate amulet [of reflection] Weapons p - 3 [uncursed +0] darts [of stealth] t - a [blessed +1] dagger [of aggravation] u - an [uncursed +0] dagger [of searching] Armor b - a cursed +0 striped shirt (being worn) j - a [cursed +0] striped shirt n - a cursed +0 pair of hard shoes [iron] (being worn) w - an [uncursed] +0 elven mithril-coat (being worn) x - a [cursed +0] pair of hard shoes [of cold resistance and fumbling (iron)] y - an [uncursed] +0 cloak of displacement (being worn) z - an [uncursed] +0 iron skull cap [orcish helm] (being worn) Rings v - an [uncursed] porcelain ring [of fire resistance] (on right hand) Gems o - an [uncursed] violet gem [worthless glass] q - 2 [uncursed] black gems [worthless glass] r - an [uncursed] green gem [worthless glass] Iron balls c - an [uncursed] heavy iron ball (chained to you) (weapon in hand) Spells known in the end: Name Level Category Fail Memory Your skills at the end: Fighting Skills Weapon Skills sling [Basic / Skilled] Spellcasting Skills Final Attributes: You were piously aligned. Hunger level was -467. Your alignment was 20 / 28. Monster difficulty range was 0 - 5. Level difficulty was 3. You were immune to fire. You were immune to poison. You were immune to level-drain. You were immune to sickness. You were punished. You were displaced. You could fly. You could survive without air. You regenerated. Your luck was zero. Tymora was angry with you (1). You are dead. Vanquished creatures: a spotted jelly a bugbear a rock piercer a yellow light 2 gnome lords 2 kobold mummies a giant ant 7 dwarves 3 hill orcs 4 rothes a giant bat 2 orc zombies 2 iguanas an acid blob 2 coyotes a hobbit a large kobold 2 hobgoblins 2 cave spiders a yellow mold a red mold 17 gnomes 4 garter snakes a gecko 5 jackals 2 foxes 6 goblins 4 lichens a kobold zombie 5 newts 84 creatures vanquished. Voluntary challenges: You went without food. You never hit with a wielded weapon. You read items or engraved 5 times. You put on armor 9 times. You never genocided any monsters. You never polymorphed an object. You never changed form. You used no wishes. You abstained from Elbereth's help. You encountered 1 bones level. You never used any Sokoban shortcuts. Dungeon overview: The Dungeons of Doom: levels 1 to 3 Level 1 a fountain a long staircase Level 3 <- You were here a fountain stairs to The Gnomish Mines The Gnomish Mines: levels 4 to 5 Level 4 stairs to The Dungeons of Doom History has recorded: On T:1 you entered the Dungeons of Doom to retrieve the Amulet of Yendor! On T:221 you reached level 2 of The Dungeons of Doom. On T:326 you advanced to experience level 2. On T:650 you advanced to experience level 3. On T:832 you reached level 3 of The Dungeons of Doom. On T:884 you reached level 1 of The Gnomish Mines. On T:886 you advanced to experience level 4. On T:897 you advanced to experience level 5. On T:1101 you advanced to experience level 6. On T:1453 you reached level 2 of The Gnomish Mines. On T:2069 you advanced to experience level 7. Latest messages: [HP+1=15] The large kobold hits! [HP-4=11] [HP+1=12] The large kobold just misses! [HP+1=13] [HP+1=14] The large kobold hits! [HP-4=10] [HP+1=11] The large kobold hits! [HP-5=6] [HP+1=7] The large kobold hits! [HP-1=6] [HP+1=7] The jackal bites! The large kobold hits! [HP-4=3] The jackal bites! [HP-1=2] The jackal bites! You die... Final status: Goodbye Arrhythmia the Convict... You died in The Dungeons of Doom on dungeon level 3 with 3546 points, and 1115 pieces of gold, after 3709 moves. You were level 7 with a maximum of 67 hit points when you died.